 Dungeon Crawl Stone Soup version 0.23-a0-175-g97aacdb (webtiles) character file.

4 basementcat the Charmwright (level 1, 0/16 HPs)
             Began as a Demonspawn Skald on Sept 16, 2018.
             Slain by a giant cockroach (2 damage)
             ... on level 1 of the Dungeon.
             The game lasted 00:02:01 (197 turns).

basementcat the Charmwright (Demonspawn Skald)       Turns: 197, Time: 00:02:02

Health: 0/16       AC:  3    Str: 11    XL:     1   Next: 58%
Magic:  3/3        EV: 12    Int: 14    God:
Gold:   0          SH:  0    Dex: 12    Spells: 3/4 levels left

rFire    . . .     SeeInvis .   c - -1 dagger (curse)
rCold    . . .     Gourm    .   (no shield)
rNeg     . . .     Faith    .   b - +0 leather armour
rPois    .         Spirit   .   (no helmet)
rElec    .         Reflect  .   (no cloak)
rCorr    .         Harm     .   (no gloves)
MR       .....                  (no boots)
Stlth    +.........             (no amulet)
HPRegen  0.05/turn              (no ring)
MPRegen  0.08/turn              (no ring)

@: no status effects
A: no striking features
a: no special abilities


You were on level 1 of the Dungeon.
You were not hungry.

You visited 1 branch of the dungeon, and saw 1 of its levels.

Inventory:

Hand Weapons
 a - a +0 falchion
 c - a cursed -1 dagger (weapon)
 e - a +0 club
Armour
 b - a +0 leather armour (worn)
Scrolls
 f - a scroll of random uselessness {unknown}
Comestibles
 d - a ration


   Skills:
 + Level 2.0 Fighting
 + Level 1.9 Long Blades
 + Level 1.0 Armour
 + Level 1.9 Dodging
 + Level 2.0 Spellcasting
 + Level 2.7 Charms


You had 3 spell levels left.
You knew the following spells:

 Your Spells              Type           Power        Failure   Level  Hunger
a - Infusion              Chrm           #...         11%         1    ##.....

Your spell library contained the following spells:

 Spells                   Type           Power        Failure   Level  Hunger
 Song of Slaying          Chrm           #.......     16%         2    ###....
 Shroud of Golubria       Chrm/Tloc      #.........   26%         2    ###....
 Regeneration             Chrm/Necr      #.........   47%         3    ####...
 Spectral Weapon          Hex/Chrm       #.......     47%         3    ####...


Dungeon Overview and Level Annotations

Branches:
Dungeon (1/15)

Altars:


Message History

You hit the giant cockroach but do no damage.
The giant cockroach is moderately wounded.
The giant cockroach bites you.
* * * LOW HITPOINT WARNING * * *
You hit the giant cockroach but do no damage.
The giant cockroach is moderately wounded.
The giant cockroach bites you but does no damage.
You hit the giant cockroach but do no damage.
The giant cockroach is moderately wounded.
The giant cockroach closely misses you.
You closely miss the giant cockroach.
The giant cockroach is moderately wounded.
The giant cockroach completely misses you.
You hit the giant cockroach but do no damage.
The giant cockroach is moderately wounded.
The giant cockroach bites you but does no damage.
You hit the giant cockroach.
The giant cockroach is heavily wounded.
The giant cockroach bites you.
You die...

#.# ##.#.# #.###....# ##
######.##.....####
.###......#..........
...........†$.....# .
##......†.......# #
#.............####### #
#.....#.##...........
######.###.#####@#######
...........#####s#
....##.######....#
##..##.# #.##.# ###'##.#
# #.# .#...#.# #!#
≈#..≈#.# #.# ≈#§≈§#..
... ≈#§§≈#.. .##


You could see a giant cockroach.

Vanquished Creatures
  2 hobgoblins (D:1)
  2 bats (D:1)
  A frilled lizard (D:1)
5 creatures vanquished.

Notes
Turn   | Place    | Note
-------+----------+-------------------------------------------
     0 | D:1      | basementcat the Demonspawn Skald began the quest for the
                  | Orb.
     0 | D:1      | Reached XP level 1. HP: 16/16 MP: 3/3
   150 | D:1      | Reached skill level 1 in Armour
   197 | D:1      | Slain by a giant cockroach

Vault maps used:
D:1:      lightli_arrival_quake

Skill      XL: |  1 |
---------------+----+-----
Armour         | 1 |  1.0
Fighting       | |  2.0
Long Blades    | |  1.9
Dodging        | |  1.9
Spellcasting   | |  2.0
Charms         | |  2.7

Action                   || total
-------------------------++-------
Melee: Dagger            ||    28
       Falchion          ||    13
Armor: Leather armour    ||    41
Dodge: Dodged            ||    64
       Rpst.: Falchion   ||    13

Table legend:
 A = Non-vault XP
 B = Vault XP
 C = Vault XP percentage of total XP
 D = Non-vault monster count
 E = Vault monster count
 F = Vault count percentage of total count
                 A         B        C        D         E       F
            +---------+---------+-------+---------+---------+-------
      Total |       7 |       0 |   0.0 |       5 |       0 |   0.0
            +---------+---------+-------+---------+---------+-------
        D:1 |       7 |       0 |   0.0 |       5 |       0 |   0.0
            +---------+---------+-------+---------+---------+-------
